 Dungeon Crawl Stone Soup version 0.27-a0-223-ge082b6e869 (webtiles) character file.

Game seed: 17854291987053060600

930 inqbanana the Agent of Entropy (level 8, -1/61 HPs)
             Began as a Formicid Abyssal Knight on Feb 2, 2021.
             Was a Priest of Lugonu.
             Slain by Grinder (4 damage)
             ... on level 5 of the Dungeon.
             The game lasted 00:10:23 (4763 turns).

inqbanana the Agent of Entropy (FoAK)               Turns: 4763, Time: 00:10:24

Health: -1/61      AC:  9    Str: 17    XL:     8   Next: 32%
Magic:  12/12      EV: 15    Int: 12    God:    Lugonu [***...]
Gold:   194        SH:  3    Dex: 12    Spells: 7/7 levels left

rFire    + . .     SeeInvis +   a - +1 falchion
rCold    + . .     Faith    .   r - +0 buckler
rNeg     . . .     Spirit   .   l - +0 ring mail
rPois    .         Reflect  .   (helmet unavailable)
rElec    .         Harm     .   b - scarf {rC+ rF+}
rCorr    .         Rampage  .   (no gloves)
Will     .....                  (no boots)
Stlth    ++........             (no amulet)
HPRegen  0.20/turn              c - +4 ring of evasion
MPRegen  0.13/turn              g - +4 ring of protection

@: no status effects
A: permanent stasis, dig shafts and tunnels, four strong arms, antennae 3
a: Dig, Shaft Self, Renounce Religion, Depart the Abyss, Bend Space, Banish


You were on level 5 of the Dungeon.
You worshipped Lugonu.
Lugonu was most pleased with you.
You visited 1 branch of the dungeon, and saw 5 of its levels.
You visited the Abyss 1 time.

You collected 194 gold pieces.

Inventory:

Hand Weapons
 a - a +1 falchion (weapon)
 q - the cursed +2 hunting sling of the Final Decision {flame, rF- Dex+5}
   (You found it on level 5 of the Dungeon)

   It causes projectiles fired from it to burn those they strike, causing extra
   injury to most foes and up to half again as much damage against particularly
   susceptible opponents.
   It affects your dexterity (+5).
   It makes you vulnerable to fire.
   It has a curse placed upon it.
Armour
 b - a scarf of resistance (worn)
 l - a +0 ring mail (worn)
 r - a +0 buckler (worn)
Jewellery
 c - a +4 ring of evasion (left hand)
 g - a +4 ring of protection (right hand)
 h - an uncursed ring of flight
 m - a +4 ring of protection
 p - an uncursed ring of positive energy
Wands
 j - a wand of acid (9)
 n - a wand of flame (10)
Scrolls
 d - 3 scrolls of remove curse
 e - a scroll of fear
 f - a scroll of magic mapping
 i - 3 scrolls of teleportation
 k - 2 scrolls of enchant armour
Potions
 o - a potion of curing


   Skills:
 + Level 4.6 Fighting
 * Level 4.9 Long Blades
 + Level 4.1 Armour
 + Level 2.8 Dodging
 + Level 3.8 Stealth
 + Level 0.3 Shields
 * Level 5.7 Invocations


You had 7 spell levels left.
You didn't know any spells.
Your spell library was empty.

Dungeon Overview and Level Annotations

Branches:
Dungeon (5/15)
 Temple: D:4-7

Altars:
Xom
Zin

Shops:
D:5 =

Annotations:
D:5 Grinder


Innate Abilities, Weirdness & Mutations

You cannot be hasted, slowed, berserked, paralysed or teleported.
You can dig through walls and to a lower floor.
Your four strong arms can wield two-handed weapons with a shield.
You have a pair of large antennae on your head. (SInv)


Message History

Grinder is heavily wounded.
Grinder barely misses you.
You riposte.
You closely miss Grinder.
Grinder is heavily wounded.
You hit Grinder.
Grinder is severely wounded.
Grinder gestures at you. You resist with some effort.
You barely miss Grinder.
Grinder is severely wounded.
Grinder hits you but does no damage.
You barely miss Grinder.
Grinder is severely wounded.
Grinder misses you.
You hit Grinder.
Grinder is severely wounded.
Grinder says, "You look like you could use a good racking."
Grinder hits you!
* * * LOW HITPOINT WARNING * * *
You writhe in agony.
You die...

......#+#####+###'########+##
.............................
......$......................
...................).........
.............................
..<...5......................
...........##.#######....†...
..........(#5..#....#........
......######@..#....#........
!.....#...))...#....'........
......#...##...##...#........
..... #...#######'###........
..... #...#.....#...#........
#...#.....'...#........
#...'.....#...#........
#...##...######........
######...#..........[).


You could see Grinder (strong).

Vanquished Creatures
  An ice beast (D:5)
  An ogre (D:4)
  A centaur (D:5)
  A phantom (D:4)
  Blork the orc (D:4)
  A scorpion (D:4)
  A hound (D:4)
  A jelly (D:3)
  A gnoll shaman (D:5)
  Natasha (thrice) (D:3)
  2 orc wizards
  2 worker ants (D:4)
  4 gnolls
  A howler monkey skeleton (D:4)
  4 adders
  A shadow imp (D:5)
  An ooze (D:3)
  3 worms
  3 dart slugs
  3 leopard geckos
  14 orcs
  4 ball pythons
  5 bats
  5 giant cockroaches
  10 goblins
  13 hobgoblins
  2 quokkas (D:4)
  5 frilled lizards
  12 kobolds
  8 rats
114 creatures vanquished.

Notes
Turn   | Place    | Note
-------+----------+-------------------------------------------
     0 | Abyss:1  | inqbanana the Formicid Abyssal Knight began the quest for
                  | the Orb.
     0 | Abyss:1  | Reached XP level 1. HP: 18/18 MP: 2/2
    65 | Abyss:1  | Noticed a starcursed mass
    81 | Abyss:1  | Noticed a small abomination
   110 | Abyss:1  | Noticed a shadow demon
   112 | D:1      | Escaped the Abyss
   172 | D:1      | Reached skill level 1 in Dodging
   185 | D:1      | Reached * piety under Lugonu
   186 | D:1      | Reached XP level 2. HP: 24/24 MP: 3/3
   483 | D:1      | Reached XP level 3. HP: 29/29 MP: 3/5
   727 | D:1      | Reached skill level 1 in Stealth
  1106 | D:2      | Reached XP level 4. HP: 33/35 MP: 6/6
  1355 | D:2      | Reached skill level 3 in Invocations
  1523 | D:2      | Reached ** piety under Lugonu
  1911 | D:3      | Reached XP level 5. HP: 35/41 MP: 7/7
  2226 | D:3      | Noticed Natasha
  2242 | D:3      | Killed Natasha
  2533 | D:3      | Noticed Natasha
  2542 | D:3      | Killed Natasha
  2543 | D:3      | Reached XP level 6. HP: 40/48 MP: 8/8
  2690 | D:3      | Noticed Natasha
  2700 | D:3      | Killed Natasha
  2701 | D:3      | Reached skill level 4 in Invocations
  3055 | D:4      | Reached *** piety under Lugonu
  3184 | D:4      | Reached XP level 7. HP: 44/54 MP: 10/10
  3472 | D:4      | Reached skill level 5 in Invocations
  3726 | D:4      | Noticed an angel
  3727 | D:4      | Found a glowing silver altar of Zin.
  3727 | D:4      | Found a shimmering altar of Xom.
  3733 | D:4      | Noticed Blork the orc
  3753 | D:4      | Killed Blork the orc
  4041 | D:5      | Entered Level 5 of the Dungeon
  4060 | D:5      | Reached XP level 8. HP: 46/61 MP: 10/12
  4384 | D:5      | Got a shimmering hunting sling
  4385 | D:5      | Identified the cursed +2 hunting sling of the Final
                  | Decision {flame, rF- Dex+5} (You found it on level 5 of the
                  | Dungeon)
  4544 | D:5      | Found Zofydim's Jewellery Shop.
  4707 | D:5      | Noticed Grinder
  4763 | D:5      | HP: 3/61 [Grinder (10)]
  4763 | D:5      | Slain by Grinder

Illustrated notes

Levels and vault maps discovered:
D:1:      beargit_arrival_greenhouse, layout_basic
D:2:      layout_loops_ring
D:3:      layout_basic, minmay_randomly_rotated_circles, uniq_natasha
D:4:      layout_cave_pools, grunt_temple_overflow_order_and_chaos_1,
          uniq_blork_the_orc
D:5:      layout_gridville, basic_altar, serial_shops, nicolae_shop_trees,
          uniq_sigmund, uniq_grinder

Skill      XL: |  1  2  3  4  5  6  7  8 |
---------------+-------------------------+-----
Dodging        | 1 2 |  2.8
Stealth        | 1 2 3 |  3.8
Invocations    | 3 4 5 |  5.7
Long Blades    | 3 4 |  4.9
Armour         | 3 4 |  4.1
Fighting       | 4 |  4.6
Shields        | |  0.3

Action                   |  1- 3 |  4- 6 |  7- 9 || total
-------------------------+-------+-------+-------++-------
Melee: Falchion          |    68 |   191 |   181 ||   440
Invok: Depart the Abyss  |     1 |       |       ||     1
       Bend Space        |       |     1 |       ||     1
 Abil: Dig               |       |       |     4 ||     4
  Use: Scroll            |     8 |     5 |     2 ||    15
       Potion            |     2 |     2 |     2 ||     6
 Stab: Sleeping          |     2 |       |     1 ||     3
       Distracted        |       |     1 |       ||     1
Armor: Leather armour    |    16 |    17 |       ||    33
       Ring mail         |       |    41 |    53 ||    94
       Skin              |       |     2 |       ||     2
Dodge: Dodged            |    61 |   175 |   129 ||   365
       Rpst.: Falchion   |    19 |    50 |    35 ||   104

Table legend: (Time is in decaauts)
 A = Elapsed time spent in this place.
 B = Non-inter-level travel time spent in this place.
 C = Inter-level travel time spent in this place.
 D = Time resting spent in this place.
 E = Time spent auto-exploring this place.
 F = Levels seen in this place.
 G = Mean time per level.
                   A        B        C        D        E       F      G
               +--------+--------+--------+--------+--------+-----+--------+
         Total |   4816 |   4668 |    148 |    813 |   2584 |   6 |  802.7 |
       Dungeon |   4704 |   4556 |    148 |    813 |   2534 |   5 |  940.8 |
         Abyss |    112 |    112 |      0 |      0 |     50 |   1 |  112.0 |
               +--------+--------+--------+--------+--------+-----+--------+

Top non-repeatable levels by time:
     D:3: 1285 daAuts
     D:4: 1005 daAuts
     D:2: 877 daAuts
     D:1: 804 daAuts
     D:5: 732 daAuts
 Abyss:1: 112 daAuts
